Match 47209555
Unlisted

Match 47209555
End
Vickers Machine Gun Team
Selects Heavy Armor Battlegroup
Construct Section Command Post
Dingo Light Scout Car
Dingo Light Scout Car
Infantry Section
Selects Light Vehicle Withdraw and Refit
Infantry Section
Infantry Section
Grenade Package
Construct Platoon Command Post
Humber Armored Car
Light Vehicle Withdraw and Refit
Humber Armored Car
Royal Engineer Section
Humber Armored Car
Humber Armored Car
Selects Rigorous Vehicle Training
Selects Forward Repair Assembly
Royal Engineer Section
Construct Company Command Post
Selects UNKNOWN (2162094)
Selects Radio Net
Selects Recon Artillery
Churchill IV Heavy Tank
RedLeaderToBase
PaNiC
Septimum
Seocheon
0
0

Comments sign in to comment!

No comments posted yet!